 Dungeon Crawl Stone Soup version 0.27-a0-1189-gb8eb6cee8e (webtiles) character file.

Game seed: 12058615878362288293

156 bisexualwizard the Grave Robber (level 5, -4/48 HPs)
             Began as an Ogre Necromancer on May 22, 2021.
             Slain by Grinder (7 damage)
             ... on level 3 of the Dungeon.
             The game lasted 00:10:57 (3684 turns).

bisexualwizard the Grave Robber (Ogre Necromancer)  Turns: 3684, Time: 00:10:57

Health: -4/48      AC:  5    Str: 13    XL:     5   Next: 38%
Magic:  9/9        EV:  9    Int: 16    God:
Gold:   133        SH:  0    Dex:  9    Spells: 1/10 levels left

rFire    . . .     SeeInvis .   c - +1 mace (holy)
rCold    . . .     Faith    .   (no shield)
rNeg     . . .     Spirit   .   a - +0 robe
rPois    .         Reflect  .   (helmet restricted)
rElec    .         Harm     .   e - +1 cloak
rCorr    .         Rampage  .   (gloves unavailable)
Will     .....                  (boots unavailable)
Stlth    +.........             (no amulet)
HPRegen  0.16/turn              (no ring)
MPRegen  0.11/turn              (no ring)

@: hasted, very quick
A: large, unfitting armour, tough skin 1
a: no special abilities


You were on level 3 of the Dungeon.
You visited 1 branch of the dungeon, and saw 3 of its levels.

You collected 133 gold pieces.

Inventory:

Hand Weapons
 b - a +0 dagger
 c - a +1 mace of holy wrath (weapon)
Missiles
 f - a throwing net
Armour
 a - a +0 robe (worn)
 e - a +1 cloak (worn)
Jewellery
 g - an amulet of magic regeneration
Scrolls
 h - a scroll of enchant weapon {unknown}
 k - a scroll of summoning {unknown}
Potions
 i - a potion of brilliance {unknown}
 j - a potion of curing {unknown}


   Skills:
 + Level 1.3 Fighting
 * Level 1.5 Maces & Flails
 + Level 1.8 Dodging
 - Level 1.4 Stealth
 + Level 3.2 Spellcasting
 * Level 5.1 Necromancy


You had one spell level left.
You knew the following spells:

 Your Spells              Type           Power      Damage    Failure   Level
a - Pain                  Necr           76%        1d7       2%          1
b - Animate Skeleton      Necr           38%        N/A       2%          1
c - Vampiric Draining     Necr           9%         2d7       7%          3
d - Animate Dead          Necr           9%         N/A       22%         4

Your spell library contained the following spells:

 Spells                   Type           Power      Damage    Failure   Level
 Agony                    Necr           19%        N/A       52%         5


Dungeon Overview and Level Annotations

Branches:
Dungeon (3/15)

Altars:

Shops:
D:1 ?   D:3 [

Annotations:
D:3 1 runed translucent door, Grinder; gressup's ghost, amateur HOHu


Innate Abilities, Weirdness & Mutations

You are too large for most types of armour.
You have tough skin. (AC +1)


Message History

Grinder says, "Don't move a muscle."
Grinder blinks!
Grinder is nearby!
Casting: Animate Skeleton (safe; 2% risk of failure)
Confirm with . or Enter, or press ? or * to list all spells.
You can't see any susceptible monsters within range! (Use Z to cast anyway.) Grinder blinks!
Grinder hits you!
You writhe in agony.
You closely miss Grinder. Grinder hits you.
You writhe in agony.
You barely miss Grinder. Grinder gestures at you.
You suddenly lose the ability to move!
Grinder hits you but does no damage. Grinder gestures at you.
You resist with significant effort. Grinder hits you but does no damage.
Grinder hits you.
You writhe in agony.
Grinder hits you.
You can move again.
It was a potion of haste.
You feel yourself speed up. Grinder hits you.
* * * LOW HITPOINT WARNING * * *
You writhe in agony.
* * * LOW HITPOINT WARNING * * *
You barely miss Grinder. Grinder gestures at you.
You shrug off the repeated paralysis!
You closely miss Grinder. Grinder hits you.
* * * LOW HITPOINT WARNING * * *
You writhe in agony.
* * * LOW HITPOINT WARNING * * *
You hit Grinder.
Grinder convulses.
Grinder is lightly wounded.
Grinder barely misses you.
You closely miss Grinder.
Grinder is lightly wounded.
Grinder barely misses you.
You closely miss Grinder.
Grinder is lightly wounded.
Grinder hits you!
You die...

....#..# #.......# #.#
#.#.#..### #.......# #.#
#.#......###.......###.#
#.#........'....###.##.#
#.#......###....'∩#..#.#
#.#......###....###....#
#.#................###.#
#.#........#........##.#
#.)5...#'#...5@...+..#
........5....##.......##
........#....########.#
........#....#######...#
........#..........##+##
..........<........#./.#
..................#P8P#
..................#####
##..#.#####.#####


You could see Grinder.

Vanquished Creatures
  Terence (D:2)
  2 adders (D:2)
  3 gnolls (D:2)
  2 dart slugs (D:2)
  6 orcs
  3 endoplasms (D:2)
  2 giant cockroaches
  5 goblins
  3 hobgoblins
  13 jackals
  4 kobolds
  A quokka (D:2)
  4 ball pythons
  8 bats
  2 frilled lizards (D:2)
  3 rats
62 creatures vanquished.

Vanquished Creatures (collateral kills)
  An adder (D:2)
  An endoplasm (D:3)
  A bat (D:3)
3 creatures vanquished.

Grand Total: 65 creatures vanquished

Notes
Turn   | Place    | Note
-------+----------+-------------------------------------------
     0 | D:1      | bisexualwizard the Ogre Necromancer began the quest for the
                  | Orb.
     0 | D:1      | Reached XP level 1. HP: 16/16 MP: 3/3
    17 | D:1      | Learned a level 1 spell: Animate Skeleton
    90 | D:1      | Found a faded altar of an unknown god.
   272 | D:1      | Reached skill level 4 in Necromancy
   272 | D:1      | Reached XP level 2. HP: 12/24 MP: 0/5
   585 | D:1      | Found Ycudooqy's Magic Scroll Shoppe.
  1257 | D:2      | Reached XP level 3. HP: 25/32 MP: 1/6
  1566 | D:2      | Learned a level 3 spell: Vampiric Draining
  1622 | D:2      | Reached skill level 1 in Maces & Flails
  1622 | D:2      | Reached XP level 4. HP: 26/40 MP: 1/8
  2307 | D:2      | Reached skill level 1 in Fighting
  2374 | D:2      | Noticed Terence
  2397 | D:2      | Killed Terence
  2398 | D:2      | Reached XP level 5. HP: 30/48 MP: 0/9
  2612 | D:2      | Reached skill level 5 in Necromancy
  2633 | D:2      | Learned a level 4 spell: Animate Dead
  3448 | D:3      | Found Geusokhle's Armour Boutique.
  3475 | D:3      | Noticed Grinder
  3475 | D:3      | Paralysed by Grinder for 2 turns
  3659 | D:3      | Found a runed translucent door.
  3663 | D:3      | Noticed gressup's ghost (amateur HOHu)
  3673 | D:3      | Paralysed by Grinder for 6 turns
  3681 | D:3      | HP: 2/48 [Grinder (4)]
  3684 | D:3      | Slain by Grinder

Illustrated notes

Levels and vault maps discovered:
D:1:      amcnicky_arrival_feature_with_door, layout_rooms,
          ebering_ecumenical_altar_sacrificial, serial_shops, shop
D:2:      layout_loops_ring, uniq_terence
D:3:      layout_basic, marbit_many_paths, serial_shops,
          nicolae_shop_window_shopping, gammafunk_ghost_grave, uniq_grinder

Skill      XL: |  1  2  3  4  5 |
---------------+----------------+-----
Necromancy     | 4 5 |  5.1
Maces & Flails | 1 |  1.5
Fighting       | 1 |  1.3
Spellcasting   | 3 |  3.2
Dodging        | |  1.8
Stealth        | |  1.4

Action                   |  1- 3 |  4- 6 || total
-------------------------+-------+-------++-------
Melee: Dagger            |    10 |       ||    10
       Unarmed           |     1 |       ||     1
       Mace              |    16 |    56 ||    72
 Cast: Pain              |    57 |    45 ||   102
       Animate Skeleton  |     1 |    13 ||    14
       Vampiric Draining |       |     3 ||     3
  Use: Potion            |       |     2 ||     2
       Scroll            |       |     2 ||     2
Armor: Robe              |    14 |    52 ||    66
Dodge: Dodged            |    33 |    44 ||    77

Table legend: (Time is in decaauts)
 A = Elapsed time spent in this place.
 B = Non-inter-level travel time spent in this place.
 C = Inter-level travel time spent in this place.
 D = Time resting spent in this place.
 E = Time spent auto-exploring this place.
 F = Levels seen in this place.
 G = Mean time per level.
                   A        B        C        D        E       F      G
               +--------+--------+--------+--------+--------+-----+--------+
         Total |   3755 |   3682 |     73 |   1112 |   1907 |   3 | 1251.7 |
       Dungeon |   3755 |   3682 |     73 |   1112 |   1907 |   3 | 1251.7 |
               +--------+--------+--------+--------+--------+-----+--------+

Top non-repeatable levels by time:
     D:2: 1779 daAuts
     D:1: 1134 daAuts
     D:3: 841 daAuts
